Map: Orbital Shipyard

Players

State - Winner!

  • Race: Protoss Protoss
  • League: Grandmaster

sKyHigh

  • Race: Terran Terran
  • League: Grandmaster

VOD

Have the link to the VOD?

Description

Time

  • Played on: Dec. 27, 2015, 11:29 p.m.
  • Length: 8:10
Show
View Real Time Build Order
Export as new Build Order

State Protoss - Winner!

Build Orders: 1 Gate Expand 

Get SALT Encoding   

  12  0:01  Probe (Chrono Boost)  
  13  0:11  Probe (Chrono Boost)  
  14  0:19  Pylon  
  14  0:22  Probe (Chrono Boost)  
  15  0:37  Gateway, Probe (Chrono Boost)  
  15  0:42  Assimilator  
  16  0:48  Probe (Chrono Boost)  
  17  0:58  Probe (Chrono Boost)  
  18  1:09  Probe (Chrono Boost)  
  19  1:18  Nexus  
  20  1:28  Cybernetics Core  
  20  1:30  Probe (Chrono Boost)  
  20  1:37  Assimilator  
  20  1:41  Probe (Chrono Boost)  
  21  1:48  Pylon  
  21  1:51  Probe (Chrono Boost)  
  22  2:06  Adept  
  22  2:07  Mothership Core (Chrono Boost)  
  26  2:14  Warp Gate  
  26  2:26  Probe (Chrono Boost)  
  27  2:31  Probe (Chrono Boost)  
  27  2:36  Probe (Chrono Boost)  
  29  2:37  Robotics Facility  
  29  2:42  Probe (Chrono Boost)  
  30  2:47  Probe (Chrono Boost)  
  30  2:49  Stalker  
  33  2:52  Probe (Chrono Boost)  
  33  2:57  Probe (Chrono Boost)  
  35  3:03  Probe (Chrono Boost)  
  36  3:08  Probe (Chrono Boost)  
  36  3:09  Pylon  
  36  3:12  Pylon  
  37  3:13  Pylon  
  37  3:16  Probe (Chrono Boost)  
  38  3:21  Probe (Chrono Boost)  
  38  3:23  Stalker  
  38  3:26  Probe (Chrono Boost)  
  42  3:31  Probe (Chrono Boost)  
  41  3:37  Probe (Chrono Boost)  
  42  3:42  Probe (Chrono Boost)  
  42  3:46  Probe (Chrono Boost)  
  42  3:51  Warp Prism (Chrono Boost)  
  42  3:52  Probe  
  45  3:56  Probe  
  46  4:03  Gateway  
  46  4:04  Probe  
  47  4:11  Probe  
  47  4:14  Pylon  
  47  4:16  Probe  
  49  4:24  Probe  
  49  4:25  Gateway  
  49  4:26  Twilight Council  
  49  4:27  Gateway  
  49  4:29  Observer (Chrono Boost)  
  52  4:31  Probe  
  52  4:32  Forge  
  52  4:36  Pylon  
  52  4:38  Pylon  
  52  4:55  Stalker  
  52  4:56  Probe x2  
  52  4:58  Nexus  
  56  5:00  Protoss Ground Armor Level 1 (Chrono Boost)  
  56  5:02  Stalker  
  58  5:10  Probe x2  
  60  5:29  Probe x2, Blink (Chrono Boost)  
  60  5:31  Observer  
  61  5:37  Assimilator  
  61  5:38  Assimilator  
  61  5:40  Gateway x2  
  61  5:42  Probe x2  
  63  5:46  Pylon  
  63  5:50  Pylon  
  63  5:52  Stalker x3  
  63  5:54  Observer  
  70  6:00  Pylon  
  70  6:02  Pylon  
  70  6:08  Probe x2, Pylon  
  70  6:10  Stalker  
  74  6:12  Probe  
  75  6:20  Probe x2  
  75  6:21  Observer  
  76  6:26  Probe  
  76  6:30  Stalker x2  
  76  6:31  Stalker  
  76  6:32  Probe  
  84  6:37  Pylon  
  84  6:38  Probe  
  84  6:39  Probe, Pylon  
  85  6:41  Stalker  
  85  6:43  Stalker  
  85  6:44  Probe  
  91  6:49  Warp Prism  
  91  6:51  Probe  
  91  6:52  Probe  
  96  7:03  Stalker x2  
  96  7:05  Stalker x2  
  103  7:13  Pylon  
  103  7:14  Stalker x2  
  106  7:37  Stalker x4  
  105  7:39  Probe x2  
  105  7:42  Probe  
  112  7:48  Stalker  
  112  7:51  Probe x2  
  113  7:53  Probe  
Show
View Real Time Build Order
Export as new Build Order

sKyHigh Terran 

Build Orders: Liberator Opening, Reaper Expand, MMM Bio 

Get SALT Encoding   

  12  0:00  SCV  
  13  0:12  SCV  
  14  0:18  Supply Depot  
  14  0:24  SCV  
  15  0:40  SCV  
  15  0:41  Barracks  
  16  0:45  Refinery  
  16  0:52  SCV  
  17  1:04  SCV  
  18  1:16  SCV  
  19  1:28  Orbital Command  
  19  1:29  Reaper  
  20  1:42  Command Center  
  20  1:52  Supply Depot  
  20  1:54  SCV  
  20  1:59  Refinery  
  21  2:06  Barracks Reactor  
  21  2:07  SCV  
  22  2:19  SCV  
  23  2:23  Factory  
  23  2:31  SCV  
  24  2:42  Marine x2  
  24  2:43  SCV  
  27  2:54  Orbital Command  
  27  2:55  SCV  
  28  3:00  Marine x2  
  30  3:08  Factory Tech Lab, Starport, SCV  
  31  3:18  Marine x2  
  33  3:26  SCV  
  34  3:28  Cyclone  
  34  3:33  SCV, Supply Depot  
  37  3:36  Marine  
  37  3:52  Supply Depot x2  
  37  3:56  Liberator  
  37  4:02  Barracks Reactor  
  37  4:04  SCV  
  38  4:14  SCV  
  42  4:17  Command Center  
  42  4:21  SCV  
  43  4:24  Cyclone  
  43  4:26  SCV  
  47  4:36  Barracks x2  
  47  4:37  SCV  
  47  4:38  SCV  
  49  4:40  Marine x2  
  51  4:50  SCV x2  
  53  4:54  Supply Depot  
  53  4:55  Supply Depot  
  53  5:02  Marine  
  53  5:05  Factory Tech Lab  
  54  5:07  Refinery, Starport Reactor  
  54  5:09  Refinery  
  54  5:15  Marine  
  54  5:16  SCV x2  
  57  5:27  Marine  
  57  5:28  SCV x2  
  57  5:40  SCV  
  57  5:41  Engineering Bay  
  57  5:42  Orbital Command  
  58  5:44  Combat Shields, Marine, Stimpack, Marauder x2  
  64  5:50  SCV  
  64  5:51  Engineering Bay  
  64  5:52  SCV  
  64  5:57  Medivac  
  64  5:58  Medivac  
  64  6:01  Factory Tech Lab  
  64  6:03  SCV  
  69  6:04  SCV  
  69  6:09  Orbital Command  
  70  6:11  Marauder x2  
  70  6:13  Marine x2  
  70  6:15  SCV  
  70  6:18  SCV  
  78  6:29  Supply Depot x2  
  78  6:32  SCV x2  
  80  6:37  Marauder x2, Marine  
  85  6:46  Barracks  
  85  6:48  Factory Reactor  
  85  6:49  Supply Depot, Barracks  
  85  6:50  Supply Depot, Marine  
  85  6:52  SCV x2  
  85  6:53  SCV  
  86  7:03  Medivac x2  
  86  7:06  Marauder x2  
  86  7:07  SCV x2  
  96  7:09  SCV  
  96  7:15  Marine x2  
  90  7:34  Marauder x2, Marine x2  
  90  7:36  Widow Mine x2  
  84  7:49  Marine  
  77  7:52  Marine  
Tags
 
Add a new tag
Caveats
  • Supply blocks, unpowered buildings, or Contaminate may cause inaccurate times.
  • Supply counts are checked every 10 seconds.